[Event "*** Titled Tuesday Blitz"]
[Site "Chess.com"]
[Date "2020.04.07"]
[Round "9"]
[White "ChesterF"]
[Black "vlad_Sid"]
[Result "0-1"]
[WhiteElo "2497"]
[BlackElo "2641"]
[TimeControl "180+1"]
[EndTime "14:48:59 PDT"]
[Termination "vlad_Sid won by resignation"]

1. d4 Nf6 2. c4 c5 3. d5 b5 4. Qc2 bxc4 5. e4 d6 6. Bxc4 g6 7. b3 Bg7 8. Bb2 O-O 9. Nd2 Ba6 10.
Ngf3 Bxc4 11. Nxc4 Nbd7 12. O-O Nb6 13. Rad1 Nxc4 14.
Qxc4 a5 15. Rfe1 Qb6 16. Ba1 a4 17. e5 Ne8 18. e6 f6 19. bxa4 Nc7 20. Rb1 Qa6 21.
Qxa6 Rxa6 22. Red1 Rfa8 23. Rb7 R8a7 24. Rb8+ Bf8 25.
Bc3 Rxa4 26. h4 h5 27. Rc8 Nb5 28. Bd2 Ra8 29. Rxa8 Rxa8 30. Rb1 Nc7 31. a4 Nxd5 32.
a5 Nb4 33. Bxb4 cxb4 34. Rxb4 Rxa5 35. Nd4 Re5 36. f4 Re4 37. f5 gxf5 38. Nc6 Rxe6 39. Rb8 Kg7 40. Kf2 Re4 41. Kf3 Rxh4 42. Nd8 Re4 43.
Nc6 Kf7 44. Nd8+ Kg6 45. Nc6 Bh6 46. Re8 Kf7 47. Rh8 Kg7 48. Re8 Re3+ 49. Kf2 e6 50. Nd8 e5 51. Re7+ Kg6 52. Ne6 f4 53. Re8 Ra3 54. Rg8+ Kf5 55. Rh8 Ra2+ 56. Kg1 Kxe6 57. Rxh6 d5 58. Rxh5 d4 59. Rh8 Ra7 60. Rd8 Rd7 61. Re8+ Kf5 62. Kf2 d3 63. Ke1 e4 64.
Kd1 e3 65. Re7 Rxe7 0-1

[Event "*** Titled Tuesday Blitz"]
[Site "Chess.com"]
[Date "2020.04.07"]
[Round "9"]
[White "VladimirBelous"]
[Black "DraskovicL"]
[Result "1-0"]
[WhiteElo "2755"]
[BlackElo "2565"]
[TimeControl "180+1"]
[EndTime "14:49:00 PDT"]
[Termination "VladimirBelous won on time"]

1. d4 Nf6 2. Bg5 d5 3. Nd2 c5 4. Bxf6 gxf6 5. dxc5 e6 6. b4 a5 7. a3 Nc6 8. c3 d4 9. Nc4 dxc3 10. Qxd8+ Kxd8 11.
b5 Ne5 12. O-O-O+ Kc7 13. b6+ Kc6 14. Nxe5+ fxe5 15. Nf3 f6 16. e4 Bxc5 17. a4 Bxf2 18. Kc2 Bxb6 19. Bb5+ Kc7 20. Rd3 Bc5 21. Rhd1 Rg8 22.
g3 b6 23. Kxc3 Ra7 24. Nd2 Kb8 25. Nc4 Rc7 26. Kb3 Bb7 27. Rd8+ Rxd8 28. Rxd8+ Rc8 29.
Rd7 Bxe4 30. h4 Rc7 31. Rd8+ Ka7 32. Nd6 Bxd6 33. Rxd6 Bd5+ 34. Kb2 e4 35. Rd8 Rg7 36. Kc3 Rxg3+ 37. Kd4 Rg7 38. h5 f5 39. h6 Rg2 40.
Rd7+ Kb8 41. Rxh7 Rh2 42. Be8 f4 43. Bg6 e3 44. Bd3 Rh4 45. Ke5 f3 46. Rh8+ Kc7 47. Bb5 e2 48. Rh7+ Kd8 49. Kd6 Kc8 50. Rh8+ Kb7 51.
Rh7+ Kb8 52. Rh8+ Ka7 53. Rh7+ Bb7 54. Bc6 e1=Q 55. Rxb7+ Ka6 56. Rb8 Rd4+ 57. Ke7 Qh4+ 58. Kf7 b5 59. axb5+ Ka7 60. Rb7+ Ka8 61. Rb6+ Ka7 62.
Rb7+ Ka8 63. Rb6+ Ka7 64. Ra6+ Kb8 65. b6 Qf4+ 66. Ke8 Rd8+ 67. Kxd8 Qd6+ 68. Bd7 Qc6 69.
Bxc6 1-0

[Event "*** Titled Tuesday Blitz"]
[Site "Chess.com"]
[Date "2020.04.07"]
[Round "9"]
[White "manubibi"]
[Black "reigningmvp"]
[Result "1-0"]
[WhiteElo "2521"]
[BlackElo "2272"]
[TimeControl "180+1"]
[EndTime "14:49:00 PDT"]
[Termination "manubibi won by checkmate"]

1. e4 e6 2. d4 d5 3. Nd2 Be7 4. Bd3 c5 5. dxc5 Nf6 6. Qe2 O-O 7. Ngf3 a5 8. a3 Na6 9. b4 Bd7 10. Rb1 axb4 11. axb4 b6 12. e5 Ne4 13. Bxa6 Nc3 14.
Qd3 Nxb1 15. Nxb1 bxc5 16. b5 c4 17. Qd4 Bxb5 18. Bxb5 Qa5+ 19. Bd2 Qxb5 20. O-O Bc5 21. Qg4 Ra1 22. Bh6 g6 23. Nbd2 Rxf1+ 24. Nxf1 Ra8 25. h4 Ra1 26. Qf4 Be7 27. g4 c3 28.
Nh2 Ra4 29. Qf3 Qb8 30. Qxc3 Rc4 31. Qe3 Rxc2 32. Qg3 Bc5 33. Be3 d4 34. Bd2 Qb1 35.
Kg2 Qb7+ 36. Qf3 Qxf3+ 37. Nxf3 Be7 38. h5 Rc5 39. Ng3 Rd5 40. Ne4 d3 41. h6 Kf8 42.
Kf1 Ke8 43. Ke1 Kf8 44. Kd1 Bd8 45. Bg5 Be7 46. Bxe7+ Kxe7 47. Kd2 f5 48. exf6+ Kf7 49. Nfg5+ Kg8 50. f7+ Kf8 51. f4 e5 52. Nf6 exf4 53.
Nfxh7+ Ke7 54. f8=Q+ Kd7 55. Qf7+ Kc6 56. Qxd5+ Kxd5 57. Kxd3 f3 58. Nxf3 Ke6 59. Nhg5+ Ke7 60. h7 Kf8 61.
Ne5 Ke7 62. Nxg6+ Kd6 63. h8=Q Kd5 64. Qf6 Kc5 65. Nf4 Kb5 66. Ne4 Kb4 67. g5 Kb3 68.
g6 Ka2 69. g7 Kb1 70. g8=Q Kc1 71. Qc3+ Kd1 72. Qg1# 1-0

[Event "*** Titled Tuesday Blitz"]
[Site "Chess.com"]
[Date "2020.04.07"]
[Round "9"]
[White "anon132639"]
[Black "Sam_ChessMood"]
[Result "1-0"]
[WhiteElo "2683"]
[BlackElo "2912"]
[TimeControl "180+1"]
[EndTime "14:49:01 PDT"]
[Termination "anon132639 won on time"]

1. d4 Nf6 2. c4 e6 3. Nf3 d5 4. g3 dxc4 5. Bg2 Nc6 6. Qa4 Bb4+ 7. Bd2 Nd5 8. Bxb4 Nxb4 9. O-O Rb8 10. Na3 O-O 11.
Qb5 b6 12. Qxc4 Ba6 13. Nb5 Qe8 14. a4 Nd5 15. Rfc1 Na5 16. Qc2 Bxb5 17. axb5 Qxb5 18. e4 Nb4 19. Qd1 c5 20. dxc5 bxc5 21. Qa4 Qxa4 22. Rxa4 Nb3 23. Rc3 Nc6 24. Bf1 Rfd8 25. Kg2 g6 26. h4 Ncd4 27. Ne5 Nd2 28. Rxc5 Rxb2 29. Bd3 f6 30. Nc4 Nxc4 31. Bxc4 Rb7 32. Ra6 Rbd7 33. Bxe6+ Nxe6 34. Rxe6 Kg7 35. Ra6 Re8 36. Rcc6 Rf7 37.
Kf3 f5 38. exf5 Rxf5+ 39. Kg4 h5+ 40. Kh3 Rxf2 41. Rxg6+ Kf7 42. Rh6 Re1 43. Rxa7+ Kg8 44. Rxh5 Re3 45. Rg5+ Kf8 46. Kg4 Rf1 47. Kh5 Rf7 48.
Rxf7+ Kxf7 49. Kg4 Re2 50. Rf5+ Kg6 51. Rf4 Kh6 52. Rf6+ Kg7 53. Kg5 Re5+ 54. Rf5 Re3 55. g4 Ra3 56. h5 Ra6 57. Rd5 Rb6 58. Rd7+ Kg8 59. h6 Rb5+ 60. Kg6 Rb6+ 61. Kh5 Rb1 62. g5 Rb6 63. Rc7 Ra6 64. g6 Ra5+ 65. Kg4 Ra4+ 66. Kf5 Ra5+ 67. Ke4 Ra4+ 68. Kd5 Ra8 69. Kd6 Kh8 70.
Ke6 Ra6+ 71. Kf7 Ra8 72. g7+ Kh7 73. Re7 Rf8+ 74. Kxf8 1-0

[Event "*** Titled Tuesday Blitz"]
[Site "Chess.com"]
[Date "2020.04.07"]
[Round "9"]
[White "Ba_clbaf_osed_ingo_3v21"]
[Black "Batica1984"]
[Result "0-1"]
[WhiteElo "2689"]
[BlackElo "2851"]
[TimeControl "180+1"]
[EndTime "14:49:01 PDT"]
[Termination "Batica1984 won by resignation"]

1. d4 Nf6 2. c4 c5 3. d5 b5 4. cxb5 a6 5. bxa6 g6 6. Nc3 Bxa6 7. Nf3 d6 8. e4 Bxf1 9. Kxf1 Bg7 10.
g3 O-O 11. Kg2 Qb6 12. Qc2 Na6 13. Bf4 Nb4 14. Qe2 Qa6 15. Qxa6 Rxa6 16. Rhd1 c4 17.
Nd4 Nd3 18. b3 Ng4 19. Be3 Nxe3+ 20. fxe3 Rc8 21. bxc4 Ne5 22. a4 Nxc4 23. Kf3 Nxe3 24.
Kxe3 Rxc3+ 25. Rd3 Rc4 26. a5 Bh6+ 27. Ke2 Bg7 28. Ke3 e6 29. dxe6 fxe6 30. Ra2 d5 31. exd5 exd5 32. Nb5 Rc5 33. Rb3 h5 34. Kd3 Kh7 35.
Ra4 g5 36. h3 Kg6 37. g4 h4 38. Raa3 Bf6 39. Ra4 Kf7 40. Nd4 Rcxa5 41. Rb7+ Kg6 42. Rxa5 Rxa5 43. Ne6 Ra3+ 44. Ke2 Ra8 45. Kf3 Re8 46. Nc5 Bd4 47. Nd7 Re3+ 48. Kg2 Bg7 49. Rb6+ Kf7 50. Rd6 d4 51. Rd5 Kg6 52. Nc5 Rg3+ 53. Kf2 Rxh3 54. Ne6 d3 55. Nc5 Rh2+ 56. Kf3 Rh3+ 57. Ke4 Rg3 58. Nxd3 Rxg4+ 59. Kf3 Ra4 60. Rc5 Bf6 61. Nf2 Kh5 62. Kg2 Ra2 63. Rc6 Bd4 64. Kh3 Bxf2 65. Rc2 Ra3+ 0-1

[Event "*** Titled Tuesday Blitz"]
[Site "Chess.com"]
[Date "2020.04.07"]
[Round "9"]
[White "Qingdom"]
[Black "Bastiandash"]
[Result "1-0"]
[WhiteElo "2133"]
[BlackElo "1951"]
[TimeControl "180+1"]
[EndTime "14:49:02 PDT"]
[Termination "Qingdom won by resignation"]

1. d4 Nf6 2. Bg5 e6 3. e4 h6 4. Bxf6 Qxf6 5. c3 d6 6. Bd3 Nd7 7. Ne2 b6 8. O-O Bb7 9. Nd2 g5 10. a4 a5 11. f4 g4 12. e5 Qg7 13. Ng3 h5 14. Qe2 h4 15. Nge4 d5 16. Ng5 g3 17.
h3 Ke7 18. Ngf3 Ke8 19. Bb5 Be7 20. Rac1 c6 21. Bd3 c5 22. Bb5 Rc8 23. Rce1 Bc6 24.
Bxc6 Rxc6 25. Qb5 Rc7 26. Rc1 c4 27. Rce1 Kd8 28. f5 Bg5 29. f6 Qh6 30. Nxg5 Qxg5 31.
Nf3 Qg6 32. Rc1 Kc8 33. b3 Qd3 34. bxc4 Qxc4 35. Qxc4 Rxc4 36. Rc2 Rxa4 37. Rb1 Kc7 38. Kf1 Rc4 39. Ke2 Kc6 40. Nd2 Ra4 41. c4 dxc4 42. Nxc4 Kb7 43. Nd6+ Ka6 44. Nxf7 Rf8 45. Ng5 Rxd4 46.
Nxe6 Re4+ 47. Kf3 Rxe5 48. Nxf8 Nxf8 49. Re2 Rf5+ 50. Kg4 Rxf6 51. Kxh4 Ng6+ 52. Kxg3 Rc6 53. Rbe1 a4 54. Re6 Rxe6 55. Rxe6 Nf8 56. Re8 Nd7 57. h4 Kb5 58. h5 Nf6 59. Re5+ Kc4 60. h6 Kd4 61. Rf5 Nh7 62. Rf7 Ng5 63. Rf4+ Ke5 64.
Rxa4 b5 65. Ra5 Kf6 66. Rxb5 Ne4+ 67. Kf4 Nc3 68. Rb6+ Kf7 69. Rc6 Nd5+ 70. Ke5 Ne3 71. Rf6+ Kg8 72. Rf4 Kh7 73. Rh4 Nxg2 74. Rh2 Ne3 75.
Ke4 Ng4 76. Rh4 Nxh6 77. Kf4 Kg7 78. Kg5 Nf7+ 79. Kf5 Nd6+ 80. Ke6 Nf7 81. Rg4+ Kf8 82. Rf4 Ke8 1-0

[Event "*** Titled Tuesday Blitz"]
[Site "Chess.com"]
[Date "2020.04.07"]
[Round "9"]
[White "SketchyMoves"]
[Black "swayamsm"]
[Result "1/2-1/2"]
[WhiteElo "2747"]
[BlackElo "2608"]
[TimeControl "180+1"]
[EndTime "14:49:03 PDT"]
[Termination "Game drawn by repetition"]

1. e4 e5 2. Bc4 Nf6 3. d3 Bc5 4. Nf3 d6 5. c3 c6 6. Bb3 Bb6 7. h3 Be6 8. O-O Nbd7 9. Nbd2 O-O 10. Re1 Qe7 11. d4 Rfe8 12. Nc4 Bxc4 13. Bxc4 exd4 14. cxd4 Nxe4 15. Rxe4 Qxe4 16. Bxf7+ Kh8 17. Bxe8 Rxe8 18. Bg5 h6 19. Bh4 Nf8 20. Bg3 Re6 21. Qb3 Qf5 22.
a4 Qf7 23. Kh2 d5 24. Ne5 Qe8 25. Nf3 Qe7 26. Qc3 Ng6 27. b4 Bc7 28. b5 Bxg3+ 29. fxg3 Re3 30. Qc2 Qe4 31. Rc1 Re2 32. Qxe4 dxe4 33.
bxc6 bxc6 34. Ne5 Nxe5 35. dxe5 Kg8 36. Rxc6 Ra2 37. Rc4 e3 38. Re4 e2 39. g4 Kf7 40.
Kg3 Ke6 41. Kf2 a5 42. g3 g5 43. h4 Rb2 44. Rxe2 Rb4 45. Rc2 Rxa4 46. Rc6+ Kxe5 47. Rxh6 gxh4 48. Rh5+ Kf6 49. Rf5+ Kg6 50. gxh4 Rxg4 51. Rxa5 Rxh4 52. Kg3 Rh5 53. Ra6+ Kg7 54.
Kg4 Rd5 55. Ra7+ Kf6 56. Ra6+ Ke5 57. Kf3 Kd4 58. Ra4+ Ke5 59. Ke3 Kd6 60. Ke4 Ke6 61.
Ra6+ Rd6 62. Ra5 Rc6 63. Rh5 Kd7 64. Kd5 Rd6+ 65. Kc5 Rg6 66. Kd5 Ke7 67. Ke5 Re6+ 68. Kf5 Ra6 69. Rh7+ Kf8 70. Kg5 Kg8 71. Rb7 Kf8 72.
Kf5 Ra5+ 73. Ke6 Ra6+ 74. Kf5 Ra5+ 75. Kf6 Ra6+ 76. Kg5 Ra5+ 77. Kg6 Ra6+ 78. Kh7 Ra1 79. Kg6 Ra6+ 80. Kf5 1/2-1/2

[Event "*** Titled Tuesday Blitz"]
[Site "Chess.com"]
[Date "2020.04.07"]
[Round "9"]
[White "davigator"]
[Black "flomarechot"]
[Result "1-0"]
[WhiteElo "2339"]
[BlackElo "2190"]
[TimeControl "180+1"]
[EndTime "14:49:03 PDT"]
[Termination "davigator won by checkmate"]

1. e4 d6 2. d4 Nf6 3. Nc3 e5 4. Nf3 Nbd7 5. Bc4 Be7 6. O-O O-O 7. Re1 c6 8. a4 b6 9. h3 a6 10. Bg5 Bb7 11. Qd2 b5 12. Bf1 b4 13. Nd1 a5 14. b3 Re8 15. dxe5 Nxe5 16. Nxe5 dxe5 17.
Qe3 h6 18. Bxf6 Bxf6 19. Bc4 Bg5 20. Qe2 Qd2 21. Ne3 Bxe3 22. Qxe3 Qxe3 23. Rxe3 Rad8 24. Rf3 Rd7 25. Kf1 Red8 26. Ke1 Kf8 27. Rc1 f6 28. Rd3 Ke7 29. Kd2 Rxd3+ 30. Bxd3 Kd6 31. Ke3 Kc5 32. c3 bxc3 33. Rxc3+ Kb4 34. Rc1 Ka3 35. Bc4 Kb2 36. Rf1 Kc2 37. f4 exf4+ 38. Rxf4 c5 39. Rg4 Rd4 40.
Rxg7 Rxe4+ 41. Kf2 Bc8 42. Rg6 Be6 43. Bxe6 Rxe6 44.
Rg3 Rd6 45. Rf3 Rd3 46. Rxf6 Kxb3 47. Rxh6 c4 48. Rc6 c3 49. h4 c2 50. Rxc2 Kxc2 51. h5 Kb3 52. g4 Kxa4 53. h6 Rd6 54. g5 Rg6 55. h7 Rxg5 56. h8=Q Rb5 57. Ke2 Rb4 58. Kd2 Kb5 59. Kc3 Ka4 60. Qe8+ Ka3 61. Qe7 Ka4 62. Qd7+ Ka3 63. Qd6 Ka4 64. Qc6+ Ka3 65.
Kc2 Rb2+ 66. Kc1 Rb4 67. Qc3+ Ka4 68. Kc2 Kb5 69. Kd3 Ka4 70. Qa1+ Kb5 71. Kc3 Kb6 72.
Qg1+ Kb5 73. Qd1 Kb6 74. Qd5 Rb5 75. Qd6+ Kb7 76. Kc4 Rb4+ 77. Kc5 Ka7 78. Qc7+ Ka6 79. Qc6+ Ka7 80. Qe8 Ka6 81. Qa8# 1-0

[Event "*** Titled Tuesday Blitz"]
[Site "Chess.com"]
[Date "2020.04.07"]
[Round "9"]
[White "norwaytoadog"]
[Black "tamarozi99"]
[Result "0-1"]
[WhiteElo "2256"]
[BlackElo "1965"]
[TimeControl "180+1"]
[EndTime "14:49:08 PDT"]
[Termination "tamarozi99 won by checkmate"]

1. e4 c5 2. Nf3 Nc6 3. Bb5 g6 4. Bxc6 bxc6 5. O-O Bg7 6. Re1 Nf6 7. e5 Nd5 8. c4 Nc7 9. d4 cxd4 10. Qxd4 O-O 11.
Nc3 d6 12. Qh4 dxe5 13. Nxe5 Bb7 14. Bh6 c5 15. Rad1 Qc8 16. Bxg7 Kxg7 17. Rd7 Ne6 18. Qxe7 Bxg2 19. Nxf7 Qxd7 20. Qxd7 Rxf7 21. Qxe6 Bb7 22. Nd5 Raf8 23. Qe5+ Kh6 24. f4 Bxd5 25. Qg5+ Kg7 26.
cxd5 Rxf4 27. Re7+ Kg8 28. Qh4 Rxh4 29. Rxa7 Rd4 30.
Rd7 Rf5 31. Rd8+ Kg7 32. d6 Rfd5 33. Kf2 Rxd6 34. Rb8 Rd3 35. a4 c4 36. a5 Rb3 37. Rc8 Rxb2+ 38. Ke3 Rb3+ 39. Ke4 c3 40. Ke5 Ra6 41. Rc7+ Kh6 42. Rc5 c2 43. Rxc2 Rb5+ 44. Kf4 Rbxa5 45. h4 Ra3 46. Rc4 Rf6+ 47. Kg4 Rfa6 48.
Rf4 R6a4 49. Rxa4 Rxa4+ 50. Kg3 Kh5 51. Kf3 Rxh4 52. Kg3 Ra4 53. Kh3 g5 54. Kg3 g4 55.
Kh2 Kh4 56. Kg2 g3 57. Kf3 Kh3 58. Ke2 Kh2 59. Kf1 g2+ 60. Ke2 g1=Q 61. Kd3 Ra3+ 62.
Kc4 Qc1+ 63. Kd5 Qe3 64. Kc4 Ra4+ 65. Kd5 Qg5+ 66. Ke6 Ra6+ 67. Kf7 Qg6+ 68. Kf8 Ra8+ 69. Ke7 Ra7+ 70. Kf8 Qf6+ 71. Ke8 Qe7# 0-1

[Event "*** Titled Tuesday Blitz"]
[Site "Chess.com"]
[Date "2020.04.07"]
[Round "9"]
[White "Hadza_3"]
[Black "PetrolulSah"]
[Result "1/2-1/2"]
[WhiteElo "2418"]
[BlackElo "2246"]
[TimeControl "180+1"]
[EndTime "14:49:12 PDT"]
[Termination "Game drawn by agreement"]

1. e4 e5 2. Nc3 Nf6 3. f4 d5 4. fxe5 Nxe4 5. Nf3 Bc5 6. d4 Bb4 7. Bd2 Nxd2 8. Qxd2 c5 9. Bb5+ Nc6 10. dxc5 O-O 11. O-O-O Qa5 12. Bxc6 bxc6 13. Nd4 Bxc3 14. Qxc3 Qxa2 15. Rhf1 Bg4 16. Rde1 Rac8 17. h3 Bh5 18. Nf5 Bg6 19. Ne7+ Kh8 20. Nxc8 Rxc8 21. Qa3 Qc4 22. Qc3 Qa2 23. e6 fxe6 24. Rf4 Rb8 25. Qa3 Qxa3 26. bxa3 Bf5 27. g4 g5 28. Rb4 Rxb4 29. axb4 Be4 30.
Kd2 h5 31. Ra1 hxg4 32. hxg4 Kg7 33. Rxa7+ Kf6 34. Ke3 Bxc2 35. b5 cxb5 36. c6 d4+ 37.
Kxd4 e5+ 38. Ke3 Bd1 39. Ra5 Bxg4 40. Rxb5 Ke6 41. Rc5 Kd6 42. Rc1 Bc8 43. Ke4 g4 44. Ke3 g3 45. Kf3 Kc7 46. Kxg3 Be6 47. Kf3 Bd5+ 48. Ke3 Bxc6 49. Rc5 Kd6 50. Ra5 Bd5 51. Ra6+ Kc5 52. Ra5+ Kd6 53. Kd3 Bc6 54. Ra6 Kc5 55.
Ra5+ Kd6 56. Ra7 Kc5 57. Rh7 Kd6 58. Rh6+ Kd5 59. Rh5 Bb5+ 60. Ke3 Bc6 61. Rh6 Bb7 62. Rh8 Bc6 63. Rd8+ Ke6 64. Rc8 Kd7 65. Rb8 Ke6 66. Rb6 Kd6 67. Rb4 Kc5 68. Rh4 Kd6 69. Rh6+ Kd5 70. Rh4 Kc5 71. Rh5 Kd5 72. Rh4 Kd6 73.
Rh6+ Kd5 1/2-1/2

[Event "*** Titled Tuesday Blitz"]
[Site "Chess.com"]
[Date "2020.04.07"]
[Round "9"]
[White "Carnivoras"]
[Black "theprosecution1"]
[Result "1-0"]
[WhiteElo "2648"]
[BlackElo "2801"]
[TimeControl "180+1"]
[EndTime "14:49:14 PDT"]
[Termination "Carnivoras won by resignation"]

1. d4 Nf6 2. Nf3 e6 3. Bg5 h6 4. Bh4 c5 5. c3 b6 6. Nbd2 Bb7 7. e3 Be7 8. Bd3 cxd4 9. cxd4 O-O 10. O-O d6 11. Rc1 Nbd7 12. e4 e5 13. Bxf6 Nxf6 14. d5 a6 15. Nc4 Nd7 16. Qe2 a5 17. Nfd2 Nc5 18. Rfe1 Bg5 19. Ne3 g6 20. Bb5 Kg7 21. b3 f5 22. f3 h5 23. Red1 h4 24. h3 Bf4 25. Kh1 Qg5 26. exf5 gxf5 27. Ndf1 Rf6 28.
Rc2 Rg8 29. a3 Nxb3 30. Rc7+ Rf7 31. Rxf7+ Kxf7 32. Qd3 Nc5 33. Qxf5+ Qxf5 34. Nxf5 Rg6 35. Nxh4 Rf6 36. g4 e4 37. fxe4 Nxe4 38. Bc6 Ba6 39. Kg2 Be2 40. Re1 Nc3 41. Nf5 Be5 42. N1g3 Bc4 43.
Ne4 Nxe4 44. Rxe4 b5 45. a4 Bd3 46. Re3 Bxf5 47. gxf5 b4 48. Bd7 Rh6 49. Be6+ Kf6 50. Rb3 Rh5 51. Kf2 Rh4 52. Ke2 Rc4 53. Kd2 Kg5 54. Bd7 Rd4+ 55. Ke3 Rxd5 56. Be6 Rd4 57. Ke2 Rf4 58. Rg3+ Kf6 59. Rg6+ Ke7 60. Rh6 Re4+ 61. Kd3 Rd4+ 62. Kc2 Rf4 63. Rh7+ Kf6 64.
h4 Rf2+ 65. Kc1 Bf4+ 66. Kb1 Ke5 67. h5 d5 68. Rb7 d4 69. Rb5+ Kf6 70. Rxa5 d3 71.
Rd5 d2 72. Kc2 Rf1 73. Rxd2 Bxd2 74. Kxd2 Ra1 75. Bd7 Rc1 76. Kxc1 1-0

[Event "*** Titled Tuesday Blitz"]
[Site "Chess.com"]
[Date "2020.04.07"]
[Round "9"]
[White "Trickov"]
[Black "Usurpov"]
[Result "1/2-1/2"]
[WhiteElo "2249"]
[BlackElo "2439"]
[TimeControl "180+1"]
[EndTime "14:49:14 PDT"]
[Termination "Game drawn by repetition"]

1. d4 Nf6 2. Nf3 g6 3. c4 Bg7 4. g3 O-O 5. Bg2 d5 6. O-O dxc4 7. Na3 Nc6 8. Nxc4 Be6 9. b3 Bd5 10. Bb2 a5 11. Rc1 a4 12. bxa4 Ra6 13. Nfe5 Bxg2 14. Kxg2 Qa8 15. Nxc6 bxc6 16. Kg1 Rxa4 17.
a3 Rb8 18. Qc2 Rxc4 19. Qxc4 Rxb2 20. Qxc6 Qxa3 21. Qxc7 h5 22. Ra1 Qd6 23. Qxd6 exd6 24. e3 d5 25. Rfb1 Rc2 26. Ra8+ Kh7 27. Rb7 g5 28. Rxf7 Kg6 29. Raa7 Bh6 30. h3 g4 31. h4 Ne4 32. Rac7 Rxc7 33. Rxc7 Nf6 34. Rc6 Kf5 35. Kf1 Bf8 36. Ke2 Bb4 37. Rc8 Ba5 38. Rh8 Bc7 39. Kd3 Bd6 40. Kc2 Bb4 41. Kd1 Bd6 42. Ke2 Ke4 43. Rh6 Kf5 44. Rh8 Be7 45. Ra8 Ke6 46. Ra5 Bd6 47. Rb5 Ne4 48. Rb7 Kf5 49. Rd7 Ke6 50. Rd8 Nf6 51. Rh8 Kf5 52.
Rd8 Bb4 53. Rc8 Be7 54. Rc6 Bd8 55.
Rd6 Bc7 56. Rc6 Bb8 57. Rc8 Bd6 58. Rd8 Ke6 59. Rh8 Be7 60. Ra8 Kf7 61. Ra7 Ke6 62.
Ra6+ Bd6 63. Ra8 Ne4 64. Rh8 Nf6 65. Ra8 Kf5 66. Ra6 Bb4 67. Rb6 Bc3 68. Rb5 Ba1 69. Rb3 Ne4 70. Rb5 Ke6 71. Rb6+ Kf5 72. Ra6 Bc3 73. Rc6 Bb4 74. Rb6 Bd6 75. Rc6 Ke6 76.
Ra6 Kf5 77. Rc6 Ke6 78. Ra6 Nf6 79. Rc6 Nd7 80. Ra6 Nf6 1/2-1/2

[Event "*** Titled Tuesday Blitz"]
[Site "Chess.com"]
[Date "2020.04.07"]
[Round "9"]
[White "Sawyer2908"]
[Black "EugeneRougon"]
[Result "0-1"]
[WhiteElo "2534"]
[BlackElo "2710"]
[TimeControl "180+1"]
[EndTime "14:49:19 PDT"]
[Termination "EugeneRougon won on time"]

1. e4 d6 2. d4 Nf6 3. Nc3 g6 4.
Be3 c6 5. h3 b5 6. a3 Bg7 7.
Nf3 O-O 8. Be2 Nbd7 9. O-O Bb7 10. e5 Ne8 11. e6 fxe6 12. Ng5 Nc7 13. Bg4 e5 14. Ne6 Nxe6 15. Bxe6+ Kh8 16. Qg4 Nf6 17. Qh4 exd4 18. Bxd4 c5 19. Be3 Bc8 20. Ba2 a6 21. Rad1 c4 22. Rfe1 Bf5 23. Rd2 Qc7 24. Bh6 e5 25.
Red1 Rad8 26. Bg5 Be6 27. Ne4 Nxe4 28. Bxd8 Qxd8 29. Qxe4 d5 30. Rxd5 Bxd5 31. Rxd5 Qf6 32. f3 Qf4 33. Qxf4 exf4 34. c3 Rf6 35. Bb1 Bf8 36. Be4 Bd6 37. Kf1 Kg7 38. Rd1 Kf8 39. Bb7 Bc5 40. Be4 Ke7 41. Rd5 Bb6 42. Ke2 Be3 43. Re5+ Kd7 44. Rd5+ Kc7 45. Re5 Rd6 46. Rd5 Rxd5 47. Bxd5 Bc1 48. b3 cxb3 49. Bxb3 Bxa3 50.
Kd3 Be7 51. Bg8 h6 52. Bf7 g5 53. Be6 Kb6 54. Kc2 Kc5 55. Kb3 a5 56. Bd7 Bf6 57. Kc2 Kc4 58. Be6+ Kc5 59. Bd7 b4 60. cxb4+ Kxb4 61. Be6 a4 62. Ba2 Kc5 63. Kd3 Kb4 64. Kc2 Bg7 65. Bf7 Bd4 66. Be6 Be3 67. Bf7 Bf2 68.
Be6 Kb5 69. Bf7 a3 70. Kb3 Bc5 71. Bc4+ Kc6 72. Be6 Kd6 73. Bg4 Ke5 74. Bd7 Kd4 0-1

[Event "*** Titled Tuesday Blitz"]
[Site "Chess.com"]
[Date "2020.04.07"]
[Round "9"]
[White "Sviridov_Valery"]
[Black "DanielRensch"]
[Result "1-0"]
[WhiteElo "2793"]
[BlackElo "2567"]
[TimeControl "180+1"]
[EndTime "14:49:20 PDT"]
[Termination "Sviridov_Valery won by resignation"]

1. Nf3 Nf6 2. d4 c5 3. d5 b5 4. c4 bxc4 5. Nc3 g6 6. e4 d6 7. Bxc4 Bg7 8. O-O O-O 9. h3 Nbd7 10. Re1 Ne5 11. Nxe5 dxe5 12. Be3 Rb8 13. Qc2 Nd7 14. Na4 Qc7 15. Rac1 Bb7 16. Bb5 Rfc8 17. Bxd7 Qxd7 18. Nxc5 Qb5 19. Qe2 Ba8 20. Qxb5 Rxb5 21. b3 e6 22. dxe6 Bf8 23. exf7+ Kxf7 24. Nd3 Rxc1 25. Bxc1 Ke6 26. Bb2 Bd6 27. f3 a5 28. Bc3 Bc6 29. Rc1 Bd7 30. Kf2 h5 31. Ke2 Be8 32. Bd2 Bd7 33. Rc2 Be8 34. Rc4 Bd7 35. Be3 Rb7 36. Kf2 Bb5 37. Nc5+ Bxc5 38. Rxc5 a4 39. b4 Be8 40. Bd2 Rb5 41. Rc8 Bd7 42. Rc7 Rb6 43. Bc3 Rc6 44.
Bxe5 Kxe5 45. Rxd7 Rc2+ 46. Ke3 Rxa2 47. Rd5+ Ke6 48.
g4 h4 49. Ra5 Rh2 50. Ra6+ Kf7 51. Rxa4 Rxh3 52. Ra7+ Kf6 53. Ra6+ Kg5 54. Ra5+ Kf6 55. g5+ Ke6 56. Ra6+ Kf7 57. Kf4 Rh1 58. Ra7+ Ke6 59. Rh7 h3 60. Rg7 h2 61. Rxg6+ Kd7 62. Rh6 Ke7 63. Kg3 Rg1+ 64. Kxh2 Rxg5 65. Rh3 Rb5 66. Kg3 Rxb4 67. Kf4 Rb5 68. Rh7+ Kf6 69. Ra7 Rc5 70. Kg4 Ke5 71. Re7+ Kd4 72. f4 Ke3 73. e5 Rc4 74. Rf7 Rc1 75. e6 Rg1+ 76. Kf5 Kd4 77. e7 Re1 78.
Kg6 Re6+ 79. Kg7 Kd5 80. f5 Re1 81. f6 Kd6 82. Rf8 Rg1+ 83. Kf7 Re1 84. e8=Q Rxe8 85.
Rxe8 1-0

[Event "*** Titled Tuesday Blitz"]
[Site "Chess.com"]
[Date "2020.04.07"]
[Round "9"]
[White "djano"]
[Black "almaguerjm"]
[Result "1-0"]
[WhiteElo "2485"]
[BlackElo "2339"]
[TimeControl "180+1"]
[EndTime "14:49:36 PDT"]
[Termination "djano won on time"]

1. c4 Nf6 2. Nc3 d6 3. d4 g6 4. g3 Bg7 5. Bg2 O-O 6. Nf3 Nc6 7. O-O Bd7 8. b3 h6 9. Bb2 e5 10. e3 a6 11. Qc2 exd4 12. Nxd4 Nxd4 13. exd4 Bf5 14.
Qd2 c6 15. Rfe1 Re8 16. h3 h5 17. Kh2 Qd7 18. Na4 Rxe1 19. Rxe1 Re8 20. f3 Rxe1 21. Qxe1 g5 22. g4 hxg4 23. hxg4 Bg6 24. Qd2 b5 25.
Nb6 Qd8 26. c5 dxc5 27. Qa5 cxd4 28. Qxa6 Qd6+ 29. Kh3 d3 30. Nc8 Qd8 31. Bc1 d2 32.
Bxd2 Qxd2 33. Qxc6 Nd5 34. Qxd5 Qxd5 35. Ne7+ Kf8 36.
Nxd5 Bb1 37. a4 Ba2 38. axb5 Bxb3 39. Ne3 Be5 40. Bf1 Bf4 41. Nf5 f6 42. Kg2 Kf7 43. Kf2 Be5 44. Bd3 Ke6 45. Ke3 Kd5 46. Ne7+ Kc5 47. Ng6 Bd4+ 48. Ke2 Bd5 49. Nf8 Be5 50. Nd7+ Kd6 51. Nxe5 Kxe5 52. Be4 Bc4+ 53. Bd3 Bd5 54. Ke3 Kd6 55. Be4 Be6 56. b6 Bd7 57. Kd4 Bb5 58. Bd5 Ba4 59. b7 Kc7 60. Be4 Bd7 61. Kc5 Be6 62. Bd5 Bd7 63. Kd4 Ba4 64. Ke4 Bd7 65.
Ke3 Kb8 66. Kd4 Kc7 67. Kc5 Ba4 68. Bc6 Bd1 69. Kd4 Bb3 70. Ke4 Be6 71. Bd5 Bd7 72. Kd3 Bb5+ 73. Kc3 Ba4 74. Kb4 Bd7 75. Ka5 Kb8 76.
Kb6 Ba4 77. Bc6 Bd1 78. Bd5 Bc2 79. Kc6 Ba4+ 80. Kd6 Bc2 81. Ke7 f5 82. gxf5 Bxf5 83. Kf6 1-0

[Event "*** Titled Tuesday Blitz"]
[Site "Chess.com"]
[Date "2020.04.07"]
[Round "9"]
[White "enriquetejedor"]
[Black "LivajaM"]
[Result "1/2-1/2"]
[WhiteElo "2589"]
[BlackElo "2360"]
[TimeControl "180+1"]
[EndTime "14:51:35 PDT"]
[Termination "Game drawn by 50-move rule"]

1. d4 Nf6 2. c4 c5 3. d5 b5 4. cxb5 a6 5. bxa6 Bxa6 6. Nc3 d6 7. Nf3 g6 8. Nd2 Bg7 9. e4 Bxf1 10. Nxf1 Qa5 11.
Nd2 Qa6 12. Qe2 O-O 13. Nc4 Nbd7 14. O-O Rfb8 15. f3 Nb6 16. Nxb6 Qxe2 17. Nxe2 Rxb6 18. Rf2 Nd7 19. Nc3 Ne5 20. Rc2 Nd3 21. a3 Rab8 22. Nd1 Bd4+ 23. Kf1 Rb3 24. Ra2 Ra8 25. Ke2 Nb4 26.
axb4 Rxa2 27. bxc5 Bxc5 28. Bh6 f6 29. Bc1 Kf7 30. Nc3 Ra1 31. g4 g5 32. h3 Bd4 33.
Nd1 Kg6 34. Nc3 h5 35. Nd1 hxg4 36. hxg4 Ra8 37. Be3 Be5 38. Nf2 Rxb2 39. Rxb2 Bxb2 40. Nd3 Be5 41. Bb6 Ra2+ 42. Kf1 Ra3 43. Nxe5+ fxe5 44. Kf2 Rb3 45. Be3 Kf6 46. Ke2 Rb2+ 47. Bd2 e6 48. dxe6 Kxe6 49. Ke1 Kf6 50. Kd1 Rb3 51. Ke2 Ra3 52.
Bc1 Rc3 53. Bd2 Rc8 54. Be3 Rg8 55. Bd2 Ke6 56. Kd3 d5 57. exd5+ Kxd5 58. Bc1 Rf8 59.
Ke2 Rg8 60. Be3 Rg6 61. Kd3 Rf6 62. Ke2 Rg6 63. Kd3 Rg7 64. Bd2 Rf7 65. Ke2 e4 66. fxe4+ Kxe4 67. Bxg5 Rb7 68. Kf2 Rb3 69. Kg2 Rb2+ 70.
Kg3 Rb3+ 71. Kh4 Kf3 72. Be7 Rb1 73. Kg5 Rg1 74. Kf5 Rxg4 75. Bd6 Re4 76. Be5 Ke3 77. Ke6 Kd3 78. Kd5 Re2 79. Bd6 Rg2 80. Kc6 Rg6 81. Kd5 Rg5+ 82. Kc6 Kc4 83. Bf4 Rg6+ 84. Bd6 Rh6 85. Kc7 Kd5 86. Bf4 Rc6+ 87. Kb7 Rf6 88. Bg3 Rg6 89. Bb8 Rg7+ 90. Ka8 Rg8 91. Kb7 Rg7+ 92.
Ka8 Kc6 93. Ba7 Rg4 94. Bb8 Ra4+ 95. Ba7 Kb5 96. Kb7 Rg4 97. Bb8 Rg6 98. Ka8 Re6 99.
Kb7 Re8 100. Kc7 Rg8 101. Kb7 Rg7+ 102. Bc7 Rh7 103. Kc8 Kc6 104. Be5 Rf7 105. Kd8 Rf5 106. Bh2 Kd5 107. Ke7 Rh5 108. Bb8 Rh8 109. Bc7 Rh7+ 110. Kd8 Kc6 111. Bf4 Rf7 112. Bc1 Rd7+ 113. Ke8 Rd3 114. Kf7 Kd5 115. Kf6 Rc3 116. Bg5 Rc6+ 117. Kf5 Rc2 118. Kg4 Re2 119. Bh4 Ke6 120. Bg3 Re4+ 121. Kf3 Kf5 122. Bf2 Rc4 123. Bg3 Rc3+ 124. Kg2 Kg4 1/2-1/2